Unix NetHack Version 5.0.0-0 post-release - last build May  4 2026 22:22:43 (774f63e81ad911689b3a0859ea89b322d5daca8d,branch:main).

Game began 2026-05-07 07:40:20, ended 2026-05-07 09:31:54.

01246791210, lawful female dwarven Valkyrie

                                      --------
                                      |..<...|
                                      |......|
                                      .......-#
                                      |......|##
                                      -------- #            ##
                                              ### #@D#####%###
                                              ###           ####
                                               ###           #
                                               ##            ##
                                                #      --.----#
                                               ########.......#
                                                     # |.....|
                                                       |.....|
                                                       |.....|
                                                       |.{..>|
                                                       -------

01246791210 the Skirmisher  St:14 Dx:15 Co:16 In:9 Wi:12 Ch:7  Lawful
Dlvl:3  $:13 HP:0(31) Pw:4(4) AC:6  Xp:3 T:1871  Hungry   Burdened Hallu

Latest messages:
 The gecko bites!
 The little dog misses the gecko.
 What do you want to eat? [q or ?*] q
 Ecch - that must have been poisonous!
 The little dog misses the gecko.
 The little dog misses the gecko.
 You stop eating the yellow mold corpse.
 The gecko bites!
 The little dog misses the gecko.
 The little dog bites the gecko.
 The gecko is killed!
 You hear someone cursing shoplifters.
 You see here a gecko corpse.
 You have a little trouble lifting r - a gecko corpse.
 What do you want to eat? [qr or ?*] q
 You consume the last bite of your meal.
 You finish eating the yellow mold corpse.
 Oh wow!  Great stuff!
 You are getting the munchies.
 You kill the gnome mummy!
 Boom!
 You are caught in the yellow mold's explosion!
 You miss the gray unicorn.
 The dingo rustles!
 You hit Dudley!
 You miss the wolf.
 The quagga honks!
 You kill the poor quantum mechanic!
 You hear the studio audience applaud!
 You hit the leprechaun.
 The ice troll hits!
 You miss the earth elemental.
 The hag of bolding hits!
 You kill the sergeant!
 You have a little trouble lifting s - a spear.
 You have much trouble lifting a hobgoblin corpse.  Continue? [ynq] (q) n
 The red dragon bites!
 The electric giraffe bites!
 You are put to sleep by the stalker!
 The werejackal bites!
 The gelatinous cube bites!
 The xorn bites!
 The hell hound pup bites!
 The sewer rat bites!
 You die...
 Do you want your possessions identified? [ynq] (y) y
 Do you want to see your attributes? [ynq] (y) n
 Do you want an account of creatures vanquished? [ynaq] (y) n
 Do you want to see your conduct and achievements? [ynq] (y) n
 Do you want to see the dungeon overview? [ynq] (y) n

Inventory:
 Coins    ('$')
  $ - 13 gold pieces
 Weapons  (')')
  l - a +0 sling
  b - a +0 dagger (alternate weapon; not wielded)
  a - a +1 dwarvish spear (weapon in right hand)
  j - a +0 knife
  i - a +0 orcish dagger
  s - a +0 spear
 Armor    ('[')
  c - an uncursed +3 small shield (being worn)
 Comestibles  ('%')
  r - an uncursed gecko corpse
 Scrolls  ('?')
  g - an uncursed scroll of identify
 Potions  ('!')
  k - a cursed potion of extra healing
 Tools    ('(')
  e - an uncursed locked chest containing 2 items
  p - an uncursed leash
 Gems/Stones  ('*')
  m - 8 uncursed rocks

Contents of the chest:
  an uncursed scroll of scare monster
  an uncursed spellbook of create monster

01246791210 the Valkyrie's attributes:

Background:
 You were a Skirmisher, a level 3 dwarven Valkyrie.
 You were lawful, nominally on a mission for Tyr
 who was opposed by Odin (neutral) and Loki (chaotic).
 You were right-handed.
 You were in the Dungeons of Doom, on level 3.
 You entered the dungeon 1871 turns ago.
 You had 74 experience points, 6 more were needed to attain level 4.

Basics:
 You had 0 out of 31 hit points.
 You had all 4 energy points (spell power).
 Your armor class was 6.
 Your wallet contained 13 solaris.
 Autopickup was off.

Final Characteristics:
 Your strength was 14 (peak:17, limit:18/100).
 Your dexterity was 15 (limit:20).
 Your constitution was 16 (limit:20).
 Your intelligence was 9 (limit:16).
 Your wisdom was 12 (limit:16).
 Your charisma was 7 (limit:16).

Final Status:
 You were hallucinating.
 You were hungry.
 You were burdened; movement was slightly slowed.
 You were wielding a spear.
 You had basic skill with spear.

Final Attributes:
 You were stridently aligned.
 You were cold resistant.
 You had infravision.
 You were stealthy.
 You were unlucky.
 You are dead.

Miscellaneous:
 You didn't encounter any bones levels.
 Total elapsed playing time was 21 minutes and 41 seconds.

Major events:
 Turn
    1: 01246791210 the lawful dwarven Valkyrie entered the dungeon
 1569: attained the rank of Skirmisher (level 3)
 1871: killed by a hallucinogen-distorted homunculus, while sleeping

You didn't know any spells.

Skills:
 Fighting Skills
   bare handed combat [Unskilled]
   two weapon combat  [Unskilled]
   riding             [Unskilled]
 Weapon Skills
   dagger             [Basic]
   axe                [Unskilled]
   pick-axe           [Unskilled]
   short sword        [Unskilled]
   broadsword         [Unskilled]
   long sword         [Unskilled]
   two-handed sword   [Unskilled]
   saber              [Unskilled]
   hammer             [Unskilled]
   quarterstaff       [Unskilled]
   polearms           [Unskilled]
   spear              [Basic]
   trident            [Unskilled]
   lance              [Unskilled]
   sling              [Unskilled]
 Spellcasting Skills
   attack spells      [Unskilled]
   escape spells      [Unskilled]

Voluntary challenges:
 Character rerolling was not enabled.
 You were vegetarian.
 You were an atheist.
 You never genocided any monsters.
 You never polymorphed an object.
 You never changed form.
 You used no wishes.
Achievement:
 You attained the rank of Skirmisher.

 The Dungeons of Doom: levels 1 to 3
    Level 1:
    Level 2:
       Many fountains.
    Level 3: <- You were here.
       A fountain.
       Final resting place for
          you, killed by a hallucinogen-distorted homunculus, while sleeping.


Vanquished creatures:
  a little dog
  a gas spore
  a hobbit
  a hobgoblin
  a yellow mold
  a gecko
  7 jackals
  2 goblins
  3 grid bugs
  2 bats
  4 lichens
  2 kobold zombies
  3 newts
29 creatures vanquished.

No species were genocided or became extinct.

Game over:
                       ----------
                      /          \
                     /    REST    \
                    /      IN      \
                   /     PEACE      \
                  /                  \
                  |   01246791210    |
                  |      13 Au       |
                  |   killed by a    |
                  | hallucinogen-dis |
                  |      torted      |
                  |    homunculus    |
                  |       2026       |
                 *|     *  *  *      | *
        _________)/\\_//(\/(/\)/\//\/|_)_______

Farvel 01246791210 the Valkyrie...

You died in The Dungeons of Doom on dungeon level 3 with 408 points,
and 13 pieces of gold, after 1871 moves.
You were level 3 with a maximum of 31 hit points when you died.

